 Dungeon Crawl Stone Soup version 0.29-a0-380-gf50f0a9fbc (webtiles) character file.

Game seed: 15339652170829030529

6332 sammy202020 the Cleaver (level 10, -1/145 HPs)
             Began as a Minotaur Berserker on May 6, 2022.
             Was an Elder of Trog.
             Slain by an orc warrior
             ... wielding a +0 long sword
              (16 damage)
             ... on level 9 of the Dungeon.
             The game lasted 00:18:46 (9907 turns).

sammy202020 the Cleaver (Minotaur Berserker)        Turns: 9907, Time: 00:18:46

Health: -1/145     AC: 14    Str: 22    XL:     10   Next: 64%
Magic:  9/9        EV: 10    Int:  8    God:    Trog [****..]
Gold:   471        SH:  0    Dex: 10    Spells: 9/9 levels left

rFire   . . .      SeeInvis +   e - +1 war axe (freeze)
rCold   . . .      Faith    .   (no shield)
rNeg    . . .      Spirit   .   b - +1 chain mail
rPois   .          Reflect  .   (helmet restricted)
rElec   .          Harm     .   r - scarf {repulsion}
rCorr   .          Rampage  .   w - +0 pair of gloves
Will    ++...                   c - +0 pair of boots
Stlth   ..........              (no amulet)
HPRegen 1.34/turn               s - ring of see invisible
MPRegen 0.11/turn               (no ring)

@: berserking (expiring), strong-willed, regenerating, repel missiles, very
quick
A: horns 2, retaliatory headbutt
a: Renounce Religion, Berserk, Trog's Hand, Brothers in Arms


You were on level 9 of the Dungeon.
You worshipped Trog.
Trog was greatly pleased with you.
You visited 1 branch of the dungeon, and saw 8 of its levels.

You collected 621 gold pieces.
You spent 150 gold pieces at shops.

Inventory:

Hand Weapons
 e - a +1 war axe of freezing (weapon)
 q - a +11 dire flail
 u - the +6 falchion "Fiamyept" {flame, rElec}
   (You found it on level 9 of the Dungeon)

   It burns those it strikes, dealing additional fire damage.
   Big, fiery blades are also staple armaments of hydra-hunters.
   rElec:     It insulates you from electricity.
 G - a +2 battleaxe of freezing
Missiles
 E - 3 boomerangs (quivered)
Armour
 b - a +1 chain mail (worn)
 c - a +0 pair of boots (worn)
 p - a +0 robe
 r - a scarf of repulsion (worn)
 w - a +0 pair of gloves (worn)
 F - +0 acid dragon scales
Jewellery
 s - a ring of see invisible (left hand)
 C - a ring of ice
Wands
 k - a wand of paralysis (7)
 m - a wand of flame (43)
 v - a wand of digging (3)
Scrolls
 f - 3 scrolls of amnesia
 t - 6 scrolls of teleportation
 D - a scroll of summoning
Potions
 a - 4 potions of curing
 d - 5 potions of heal wounds
 g - 3 potions of haste
 h - 2 potions of mutation
 i - 3 potions of ambrosia
 j - a potion of attraction
 l - a potion of invisibility {unknown}
 n - a potion of brilliance
 o - a potion of berserk rage {unknown}
 x - a potion of might
 z - a potion of lignification {unknown}
 A - a potion of magic {unknown}
 B - a potion of cancellation {unknown}


   Skills:
 * Level 11.7 Fighting
 * Level 11.8 Axes
 + Level 8.2 Armour
 + Level 7.5 Dodging


You had 9 spell levels left.
You didn't know any spells.
Your spell library was empty.

Dungeon Overview and Level Annotations

Branches:
Dungeon (7/15)             Temple (0/1) D:4             Orc (0/2) D:9

Altars:
Dithmenos
Fedhas
Hepliaklqana
Makhleb
Vehumet
Wu Jian

Shops:
D:1 =   D:3 (   D:5 =*=*


Innate Abilities, Weirdness & Mutations

You have a pair of horns on your head.
You reflexively headbutt those who attack you in melee.


Message History

The orc warrior hits you with a +0 dire flail!
* * * LOW HITPOINT WARNING * * *
A red film seems to cover your vision as you go berserk!
You feel yourself moving faster!
You feel mighty!
The orc warrior hits you from afar with a +0 trident.
* * * LOW HITPOINT WARNING * * *
The orc warrior hits you with a +0 dire flail.
* * * LOW HITPOINT WARNING * * *
You hit the orc warrior. You freeze the orc warrior.
The orc warrior is severely wounded.
You closely miss the orc warrior.
The orc warrior is severely wounded.
The orc warrior hits you from afar with a +0 trident!
* * * LOW HITPOINT WARNING * * *
The orc priest calls down the wrath of Beogh upon you.
Beogh smites you!
* * * LOW HITPOINT WARNING * * *
The orc warrior hits you with a +0 dire flail.
* * * LOW HITPOINT WARNING * * *
You barely miss the orc warrior.
The orc warrior is severely wounded.
The orc warrior hits you from afar with a +0 trident.
* * * LOW HITPOINT WARNING * * *
The orc warrior hits you with a +0 dire flail.
* * * LOW HITPOINT WARNING * * *
You hit the orc warrior. You freeze the orc warrior.
The orc warrior is almost dead.
You slice the orc warrior!! You freeze the orc warrior.
You kill the orc warrior!
Trog accepts your kill.
The orc warrior hits you but does no damage.
Unknown command.
You hit the orc warrior. You freeze the orc warrior.
Your headbutt misses the orc warrior.
The orc warrior is moderately wounded.
You slash the orc warrior! You freeze the orc warrior.
The orc warrior is almost dead.
The orc warrior closely misses you.
The orc warrior hits you with a +0 long sword!
You die...

##### #....
######....
#######........#
#..............#
###..............#
#.............####
#@#.....).....# #
#o##..........# #
ooo#..........# #
#ooo#..........####
#oo.#.........>'...
#ooo#..........####
#$..######'###.####
##### #...........
#.#.###.####


You could see 2 orc warriors, an orc priest and 9 orcs.

Vanquished Creatures
  Pikel (D:5)
  2 trolls (D:9)
  A wraith (D:9)
  4 steam dragons
  A wyvern (D:7)
  4 yaks (D:9)
  An acid dragon (D:9)
  3 water moccasins
  4 orc warriors
  An ice beast (D:6)
  A sky beast (D:5)
  The ghost of spaghetti the Ogre Mage, an amateur OgEE (D:3)
  3 ogres
  A centaur (D:5)
  A kobold brigand (D:9)
  A phantom (D:6)
  2 lemures (D:5)
  Blork the orc (D:5)
  3 bullfrogs
  A gnoll sergeant (D:7)
  A necrophage (D:6)
  3 scorpions
  16 wights
  3 killer bees (D:9)
  2 howler monkeys (D:6)
  6 hounds
  3 jellies
  3 orc priests
  Jessica (D:3)
  Terence (D:3)
  2 iguanas (D:5)
  8 orc wizards
  Robin (D:3)
  6 adders
  4 gnolls (D:7)
  A shadow imp (D:7)
  3 white imps (D:7)
  An ufetubus (D:5)
  5 worms
  4 dart slugs
  25 orcs
  10 endoplasms
  3 giant cockroaches
  15 goblins
  10 hobgoblins
  3 quokkas
  5 ball pythons
  4 bats
  3 frilled lizards
  8 kobolds
  13 rats
  A bush (D:5)
211 creatures vanquished.

Vanquished Creatures (others)
  20 fungi (D:6)
20 creatures vanquished.

Grand Total: 231 creatures vanquished

Notes
Turn   | Place    | Note
-------+----------+-------------------------------------------
     0 | D:1      | sammy202020 the Minotaur Berserker began the quest for the
                  | Orb.
     0 | D:1      | Reached XP level 1. HP: 19/19 MP: 0/0
   111 | D:1      | Reached XP level 2. HP: 27/27 MP: 1/1
   578 | D:1      | Reached XP level 3. HP: 33/33 MP: 2/2
   583 | D:1      | Found Xucel's Jewellery Boutique.
   596 | D:1      | Reached ** piety under Trog
  1353 | D:2      | Reached XP level 4. HP: 41/41 MP: 3/3
  1855 | D:3      | Reached XP level 5. HP: 40/47 MP: 4/4
  1885 | D:3      | Noticed Robin
  1892 | D:3      | Reached skill level 5 in Axes
  1896 | D:3      | Reached skill level 5 in Fighting
  1897 | D:3      | Reached *** piety under Trog
  1905 | D:3      | Killed Robin
  2214 | D:3      | Found a faded altar of an unknown god.
  2215 | D:3      | Noticed Terence
  2216 | D:3      | Noticed a great orb of eyes
  2216 | D:3      | Noticed Jessica
  2224 | D:3      | Killed Terence
  2231 | D:3      | Killed Jessica
  2232 | D:3      | Reached XP level 6. HP: 48/56 MP: 5/5
  2272 | D:3      | Found Ammiddau's Weapon Shoppe.
  2335 | D:3      | Noticed a shining eye
  2344 | D:3      | Noticed a floating eye
  2359 | D:3      | Found a transporter.
  2361 | D:3      | Noticed spaghetti's ghost (amateur OgEE)
  2368 | D:3      | Found a transporter.
  2379 | D:3      | Killed spaghetti's ghost
  2380 | D:3      | Reached XP level 7. HP: 63/63 MP: 6/6
  2767 | D:3      | Noticed a golden eye
  2897 | D:1      | Bought a ring of see invisible for 150 gold pieces
  3029 | D:4      | Found a shadowy altar of Dithmenos.
  3031 | D:4      | Found a radiant altar of Vehumet.
  4145 | D:4      | Reached skill level 5 in Armour
  4354 | D:4      | Found a staircase to the Ecumenical Temple.
  4396 | D:5      | Entered Level 5 of the Dungeon
  4396 | D:5      | Found Puymoreg's Assorted Antiques.
  4451 | D:5      | Found Pyirph's Assorted Antiques.
  4461 | D:5      | Noticed Blork the orc
  4473 | D:5      | Killed Blork the orc
  4474 | D:5      | Reached XP level 8. HP: 38/73 MP: 7/7
  4670 | D:5      | Found a burning altar of Makhleb.
  4814 | D:5      | Found a blossoming altar of Fedhas.
  5011 | D:5      | Found Roeseon's Jewellery Shoppe.
  5024 | D:5      | Found Fappumn's Jewellery Shop.
  5061 | D:5      | Reached skill level 5 in Dodging
  5259 | D:5      | Noticed Pikel
  5273 | D:5      | Killed Pikel
  5964 | D:6      | Reached XP level 9. HP: 44/82 MP: 8/8
  6615 | D:6      | Reached **** piety under Trog
  7019 | D:6      | Reached skill level 10 in Fighting
  7019 | D:6      | Reached skill level 10 in Axes
  7909 | D:7      | Reached XP level 10. HP: 82/94 MP: 9/9
  8087 | D:7      | You fall into a shaft and drop 2 floors!
  8335 | D:9      | Found a hazy altar of Hepliaklqana.
  8751 | D:9      | Identified the +6 falchion "Fiamyept" {flame, rElec}
  9393 | D:9      | Found a staircase to the Orcish Mines.
  9805 | D:9      | Found an ornate altar of the Wu Jian Council.
  9907 | D:9      | Slain by an orc warrior

Illustrated notes

Levels and vault maps discovered:
D:1:      minmay_arrival_solitary_statue, layout_rooms, serial_shops, shop
D:2:      layout_loops_ring, minmay_rat_gold_closets
D:3:      layout_basic, serial_shops, nicolae_shop_crystal,
          hellmonk_ecumenical_altar_watching_god, gammafunk_ghost_smash,
          uniq_terence, uniq_robin, uniq_jessica
D:4:      layout_gridville, chequers_temple_overflow_statue_of_worship,
          minmay_temple_entry_poolview
D:5:      layout_basic, makhleb_heckhound_becter, fedhas_bush_and_centaur_altar,
          serial_shops, nicolae_shop_hallway_stairs, nicolae_stop_n_shop_2,
          shop_fountains, nicolae_shop_temple_entry_statues_fountains,
          amcnicky_mini_corridor_feature, uniq_blork_the_orc, uniq_pikel
D:6:      kennysheep_steamy, layout_basic, minmay_starry_boxes
D:7:      layout_cave_pools, grunt_qazlal_clouds
D:9:      layout_basic, lemuel_crystal_altar,
          nicolae_wu_jian_immortal_techniques, orc_0_dummy, special_room
          [special_room_orc], enter_bailey_3, kennysheep_nub,
          blue_anna_alchemist

Skill      XL: |  1  2  3  4  5  6  7  8  9 10 |
---------------+-------------------------------+-----
Axes           | 4 5 6 7 9 10 11 | 11.8
Fighting       | 4 5 6 7 8 10 11 | 11.7
Armour         | 3 4 5 6 7 8 |  8.2
Dodging        | 3 4 5 6 7 |  7.5

Action                   |  1- 3 |  4- 6 |  7- 9 | 10-12 || total
-------------------------+-------+-------+-------+-------++-------
Melee: Hand axe          |     4 |       |       |       ||     4
       War axe           |    80 |    70 |   267 |   126 ||   543
       Headbutt          |    12 |    14 |    47 |    25 ||    98
       Punch             |       |     1 |     2 |     1 ||     4
Invok: Berserk           |       |     2 |     2 |     2 ||     6
       Trog's Hand       |       |     1 |       |     1 ||     2
  Use: Scroll            |     5 |     2 |     6 |     3 ||    16
Armor: Animal skin       |    14 |       |       |       ||    14
       Chain mail        |    24 |    33 |   149 |    83 ||   289
       Leather armour    |     1 |       |       |       ||     1
Dodge: Dodged            |    44 |    28 |   146 |    65 ||   283
       Repelled          |       |       |     4 |     1 ||     5

Table legend: (Time is in decaauts)
 A = Elapsed time spent in this place.
 B = Non-inter-level travel time spent in this place.
 C = Inter-level travel time spent in this place.
 D = Time resting spent in this place.
 E = Time spent auto-exploring this place.
 F = Levels seen in this place.
 G = Mean time per level.
                   A        B        C        D        E       F      G
               +--------+--------+--------+--------+--------+-----+--------+
         Total |  10035 |   9863 |    172 |    986 |   7259 |   8 | 1254.4 |
       Dungeon |  10035 |   9863 |    172 |    986 |   7259 |   8 | 1254.4 |
               +--------+--------+--------+--------+--------+-----+--------+

Top non-repeatable levels by time:
     D:9: 1849 daAuts
     D:5: 1569 daAuts
     D:6: 1502 daAuts
     D:4: 1444 daAuts
     D:2: 1175 daAuts
     D:3: 1120 daAuts
     D:1: 737 daAuts
     D:7: 635 daAuts
